 Dungeon Crawl Stone Soup version 0.21.0-3-g78d12a8 (webtiles) character file.

558471 grindst0ne the Hoplite (level 25, -6/181 HPs)
             Began as a Demonspawn Chaos Knight on Jan 16, 2018.
             Mangled by a shadow dragon (9 damage)
             ... on level 5 of the Vaults.
             The game lasted 03:02:43 (60443 turns).

grindst0ne the Hoplite (Demonspawn Chaos Knight)   Turns: 60443, Time: 03:02:43

Health: -6/181     AC: 34    Str: 22    XL:     25   Next: 77%
Magic:  0/37       EV: 17    Int: 21    God:    Xom [....*.]
Gold:   3696       SH: 22    Dex: 16    Spells: 17/38 levels left

rFire    + + +     SeeInvis +   C - +9 broad axe (flame)
rCold    + + +     Gourm    .   R - +0 large shield {rC+ rF+}
rNeg     . . .     Faith    .   u - +7 gold dragon scales
rPois    +         Spirit   +   (helmet unavailable)
rElec    +         Reflect  .   F - +2 cloak {+Inv}
rCorr    .         Harm     .   I - +1 pair of gloves of Moxenael {*Drain rElec Dex+7 SInv}
MR       +++..                  (boots unavailable)
Stlth    ..........             j - amulet "Biclipes" {rF++ rC+ MR++ Regen+ Dex-5}
HPRegen  0.80/turn              a - ring of Phasing {EV+8}
MPRegen  0.50/turn              f - ring of wizardry

@: studying 2 skills, heavily drained
A: claws 1, hooves 3, horns 3, thin metallic scales 3, see invisible, clever 2,
cold resistance 2, demonic guardian 3, fire resistance 3, high mp 1, mutation
resistance 2, sense surroundings 2, poison resistance, strong 1, wild magic 2,
augmentation 2, magic shield, magic regeneration, magic link
}: 2/15 runes: decaying, gossamer
a: Renounce Religion, Evoke Invisibility


You were on level 5 of the Vaults.
You worshipped Xom.
You were a beloved toy of Xom.
You were hungry.

You visited 8 branches of the dungeon, and saw 44 of its levels.
You visited 1 bazaar.
You also visited: Labyrinth, Ice Cave, Volcano and Wizlab.

You collected 9859 gold pieces.
You spent 6163 gold pieces at shops.

Inventory:

Hand Weapons
 C - a +9 broad axe of flaming (weapon)
Armour
 u - +7 gold dragon scales (worn)
 F - a +2 cloak of invisibility (worn)
 I - the +1 pair of gloves of Moxenael (worn) {*Drain rElec Dex+7 SInv}
   (You found it in an ice cave)

   It affects your dexterity (+7).
   It insulates you from electricity.
   It lets you see invisible.
   It causes draining when unequipped.
 R - a +0 large shield of resistance (worn)
Jewellery
 a - the ring of Phasing (left hand) {EV+8}
   (You bought it in a shop on level 3 of the Depths)

   [ring of evasion]

   It affects your evasion (+8).
 f - a ring of wizardry (right hand)
 h - an uncursed ring of resist corrosion
 j - the amulet "Biclipes" (around neck) {rF++ rC+ MR++ Regen+ Dex-5}
   (You acquired it on level 3 of the Depths)

   [amulet of regeneration]

   It affects your dexterity (-5).
   It greatly protects you from fire.
   It protects you from cold.
   It affects your resistance to hostile enchantments.
   It increases your rate of regeneration.
 v - the ring "Usojasty" {rF+ rC+ rN++}
   (You took it off a centaur warrior on level 2 of the Depths)

   [ring of protection from cold]

   It protects you from fire.
   It protects you from cold.
   It greatly protects you from negative energy.
Wands
 D - a wand of acid (17)
 N - a wand of digging (7)
 O - a wand of iceblast (47)
 P - a wand of paralysis (30)
 T - a wand of scattershot (9)
Scrolls
 e - a scroll of brand weapon
 g - 8 scrolls of teleportation
 i - 15 scrolls of remove curse
 l - 13 scrolls of amnesia
 n - 13 scrolls of identify
 q - 2 scrolls of enchant weapon
 t - 5 scrolls of fog
 w - 7 scrolls of magic mapping
 x - 12 scrolls of blinking
 E - 2 scrolls of silence
 L - 7 scrolls of fear
 Q - 3 scrolls of summoning
Potions
 m - 6 potions of magic
 o - 4 potions of cancellation
 p - 3 potions of resistance
 r - 8 potions of mutation
 z - 9 potions of flight
 A - 8 potions of brilliance
 B - 5 potions of haste
 H - 14 potions of curing
 K - 4 potions of ambrosia
 U - 3 potions of agility
 V - a potion of invisibility
 Y - 5 potions of might
Books
 d - a manual of Invocations
 k - a book of the Warp

   Spells                             Type                      Level
   a - Gell's Gravitas                Translocation                3
   b - Portal Projectile              Hexes/Translocation          3
   c - Force Lance                    Conjuration/Translocation    4
   d - Dispersal                      Translocation                6
   e - Controlled Blink               Translocation                8
   f - Disjunction                    Translocation                8
 S - a manual of Ice Magic
Miscellaneous
 b - a lightning rod (4/4)
 s - a phantom mirror
 y - a phial of floods
 J - 2 sacks of spiders
 X - a lamp of fire
 Z - 3 boxes of beasts
Comestibles
 c - 71 rations
 M - 18 chunks of flesh


   Skills:
 - Level 11.0(8.7) Fighting
 - Level 18.0(15.3) Axes
 - Level 13.0(10.6) Armour
 - Level 16.0(13.4) Dodging
 + Level 22.0(19.2) Shields
 - Level 7.2(5.1) Spellcasting
 - Level 11.0(8.7) Charms
 + Level 8.7(6.6) Necromancy
 - Level 16.1(13.5) Translocations
 - Level 6.0(4.0) Evocations


You had 17 spell levels left.
You knew the following spells:

 Your Spells              Type           Power        Failure   Level  Hunger
a - Song of Slaying       Chrm           ######..     36%         2    None
b - Regeneration          Chrm/Necr      ######....   69%         3    ##.....
c - Death Channel         Necr           ######....   100%        6    #######
d - Blink                 Tloc           N/A          8%          2    None
e - Controlled Blink      Tloc           N/A          100%        8    #######


Dungeon Overview and Level Annotations

Branches:
Dungeon (15/15)            Temple (0/1) D:7            Lair (6/6) D:10
  Swamp (4/4) Lair:4       Spider (4/4) Lair:3        Slime (0/5) Lair:5
    Orc (2/2) D:10            Elf (3/3) Orc:2        Vaults (5/5) D:14
  Crypt (0/3) Vaults:2     Depths (5/5) D:15            Zot (0/5) Depths:5

Altars:
Ashenzari
Dithmenos
Elyvilon
Hepliaklqana
Kikubaaqudgha
Makhleb
Ru
Trog
Vehumet
Xom
Yredelemnul
The Shining One
Beogh

Shops:
D:6 ?(((!   D:8 }   Orc:1 [   Orc:2 =:*   Elf:1 !   Elf:3 ?   Depths:3 =}=

Portals:
Hell: Depths:1 Depths:2 Depths:3 Depths:4 Depths:5
Abyss: Depths:4
Pandemonium: Depths:3 Depths:4 Depths:5
Ziggurat: Depths:5

Annotations:
D:4 2 transporters
D:13 exclusion: downstairs
Spider:1 exclusion: 2 downstairs


Innate Abilities, Weirdness & Mutations

You have hooves in place of feet.
You are completely covered in thin metallic scales. (AC +4, rElec)
A powerful demonic guardian rushes to your aid.
Your magical and physical power is enhanced at high health.
When hurt, damage is shared between your health and your magic reserves.
You regenerate magic rapidly.
When low on magic, you restore magic in place of health.
You have sharp fingernails.
You have a pair of large horns on your head.
You have supernaturally acute eyesight. (SInv)
Your mind is very acute. (Int +4)
Your flesh is very cold resistant. (rC++)
Your flesh is almost immune to the effects of heat. (rF+++)
You have an increased reservoir of magic. (+10% MP)
You are somewhat resistant to both further mutation and mutation removal.
You passively map the area around you.
Your system is resistant to poisons. (rPois)
Your muscles are strong. (Str +2)
Your spells are harder to cast, but more powerful.


Message History

The tentacled monstrosity is almost dead.
You hit the shadow dragon. You burn the shadow dragon.
You slash the vault guard!
You kill the vault guard!
You block the tentacled monstrosity's attack.
The tentacled monstrosity tentacle-slaps you!
* * * LOW HITPOINT WARNING * * *
The tentacled monstrosity tentacle-slaps you but does no damage.
* * * LOW HITPOINT WARNING * * *
The tentacled monstrosity constricts you!
The shadow dragon breathes negative energy at you.
The bolt of negative energy misses you.
The deep elf annihilator casts a spell.
The deep elf annihilator blinks!
You slice the tentacled monstrosity!! You burn the tentacled monstrosity.
You kill the tentacled monstrosity!
You slash the shadow dragon! You burn the shadow dragon. You slash the ettin!
You burn the ettin. You block the shadow dragon's attack.
The shadow dragon claws you!
You die...

,,,,,.......)()##...........)...)
*#.#*..#....#.....(##############
#.# #.#....##....##._...##..(...
##.#*#.#....##.(.###.(##..##...##
....,..#....#..(####..e##..###..#
*..#*#.#....#.[###)).#..##...##).
*#.# #.#....#.##.))).##..###..##)
,#.###.#....#.#DC.##..##.p.##..##
,#%)).)#,,,,#.#.@..##..###..##...
,#.###)#....#)#.##..##... #..###.
,#.# #.#....#.#..##..###.. #. ##
,#.###)#....#.##..##... #.. #
,#....)#....#.###..###.. #. , ,
,#.###.#....#.#)##... #.. * ##.#
#.#....#.#..###.. #., , *
#..###.#....#)#....##..* , ,
.......#.%..#.#.##..##. , ,


You could see a shadow dragon, a deep elf annihilator and an ettin.

Vanquished Creatures
  Mara (Depths:4)
  3 juggernauts (Depths:5)
  3 ancient liches
  Sojobo (Depths:2)
  Frederick (Vaults:2)
  Margery (Depths:2)
  2 caustic shrikes
  Xtahua (Depths:5)
  5 golden dragons
  Nikola (Spider:2)
  3 liches
  Rupert (D:15)
  4 tentacled monstrosities
  3 titans
  8 sphinxes
  3 deep elf blademasters
  Agnes (Spider:4)
  2 thorn hunters
  4 shadow dragons
  Roxanne (Elf:2)
  2 storm dragons
  9 tengu reavers
  11 fire giants
  An iron dragon (Depths:5)
  A draconian knight (Depths:5)
  9 deep elf sorcerers
  8 frost giants
  Louise (Swamp:3)
  8 vault wardens
  6 emperor scorpions (Spider:4)
  Aizul (Swamp:2)
  6 deep elf elementalists
  4 ghost moths
  A cacodemon (Depths:3)
  5 spriggan defenders
  13 ironheart preservers
  3 war gargoyles (Vaults:5)
  17 stone giants
  17 very ugly things
  2 vampire knights
  5 entropy weavers
  8 deep elf demonologists
  3 deep elf annihilators
  A dire elephant (Lair:6)
  4 spark wasps
  An orange crystal statue (WizLab)
  11 fire dragons
  7 ettins
  6 deep elf death magi
  13 great orbs of eyes
  11 ice dragons
  12 yaktaur captains
  5 rakshasas
  25 vault guards
  6 deep elf high priests
  17 ogre magi
  25 hydras
  5 spriggan air magi
  A ghost crab (Swamp:3)
  A merfolk avatar (Lair:6)
  Harold (D:11)
  A queen ant (Spider:4)
  7 centaur warriors
  7 tengu warriors
  3 death knights
  46 two-headed ogres
  13 alligators
  8 deep troll shamans
  2 vampire magi
  14 deep troll earth magi
  A titan zombie (D:15)
  20 dancing weapons
  2 spriggan berserkers
  A shock serpent (shapeshifter) (Depths:5)
  2 soul eaters
  4 spriggans
  An orc high priest (Elf:3)
  5 hell knights
  15 deep elf knights
  A shadow wraith (Vaults:2)
  13 skeletal warriors
  2 sea snakes (Lair:6)
  An unseen horror (shapeshifter) (Vaults:3)
  2 glowing orange brains (shapeshifter)
  2 spriggan druids
  3 flayed ghosts
  2 glowing orange brains
  23 deep trolls
  5 unseen horrors
  4 wizards
  12 deep elf archers
  7 harpies
  8 orc knights
  A sphinx zombie (Depths:1)
  8 swamp dragons
  14 necromancers
  3 phantasmal warriors
  A tengu skeleton (Depths:3)
  9 ironbrand convokers
  A tengu zombie (D:15)
  12 orb spiders
  3 orb spiders (shapeshifter)
  3 orc sorcerers
  4 shambling mangroves
  A wolf spider (shapeshifter) (Depths:5)
  55 deep elf magi
  4 oklob plants (Lair:5)
  4 manticores
  36 wolf spiders
  50 ugly things
  3 moths of wrath
  A frost giant zombie (Depths:3)
  A sphinx skeleton (Depths:3)
  5 cyclopes
  A cyclops (shapeshifter) (Depths:3)
  5 black mambas
  A salamander (Depths:1)
  3 elephants
  A frost giant skeleton (Vaults:3)
  9 vault sentinels
  A torpor snail (Spider:1)
  A centaur zombie (D:14)
  An ice statue (IceCv)
  The ghost of feelmyfire the Insei, a novice DgTm (D:6)
  A black mamba (shapeshifter) (Depths:1)
  A molten gargoyle (Depths:2)
  13 spiny frogs
  3 gargoyles (D:14)
  3 rime drakes
  A spiny frog (shapeshifter) (Vaults:4)
  15 demonic crawlers
  14 komodo dragons
  A kobold demonologist (D:14)
  26 yaktaurs
  20 freezing wraiths
  2 spark wasp simulacra (Depths:1)
  2 efreet (D:13)
  A komodo dragon (shapeshifter) (Vaults:5)
  A redback zombie (D:15)
  5 tengu conjurers
  A wind drake (Swamp:1)
  27 jumping spiders
  A red devil (Depths:1)
  A queen bee (shapeshifter) (Depths:1)
  A golden dragon simulacrum (Depths:3)
  A meliai (shapeshifter) (Depths:2)
  7 trolls
  A jumping spider (shapeshifter) (Depths:2)
  19 hornets
  A merfolk (shapeshifter) (Depths:3)
  4 polar bears
  Prince Ribbit (D:8)
  10 bog bodies
  A harpy skeleton (D:15)
  A tengu simulacrum (Vaults:2)
  13 hippogriffs
  A blink frog (shapeshifter) (Depths:2)
  A deep troll zombie (D:15)
  A raiju (shapeshifter) (Depths:2)
  8 tyrant leeches
  A hippogriff (shapeshifter) (Vaults:2)
  12 blink frogs
  22 slime creatures
  2 spriggans (shapeshifter)
  Sigmund (D:2)
  An ice dragon skeleton (Depths:1)
  85 redbacks
  An ettin skeleton (Vaults:4)
  12 air elementals
  A flying skull (Vaults:2)
  23 tarantellas
  3 shadows
  2 tarantellas (shapeshifter)
  4 wyverns
  9 water elementals
  A fire elemental (Elf:1)
  29 yaks
  The ghost of Brandom the Caller, an amateur FoSu (D:4)
  4 basilisks (shapeshifter)
  13 humans (D:14)
  A golden eye (D:9)
  2 hungry ghosts
  A chaos spawn (Depths:3)
  2 neqoxecs (Depths:3)
  4 steam dragons
  25 vampire mosquitoes
  2 yaktaur simulacra
  23 soldier ants (Spider:4)
  A naga (shapeshifter) (Vaults:5)
  A swamp worm (shapeshifter) (Depths:5)
  17 swamp worms
  3 acid dragons
  3 insubstantial wisps (Swamp:3)
  2 wargs (D:10)
  A soldier ant (shapeshifter) (Vaults:4)
  2 hell hounds (Lair:6)
  5 porcupines
  Duvessa (D:6)
  3 floating eyes
  2 slaves (D:9)
  12 water moccasins
  22 orc warriors
  3 sky beasts
  11 ice beasts
  2 black bears
  12 swamp drakes
  A black bear (shapeshifter) (Vaults:3)
  An eye of draining (shapeshifter) (D:13)
  47 ogres
  A tengu (shapeshifter) (Vaults:5)
  11 boggarts
  2 eyes of draining
  A necrophage (D:8)
  2 phantoms
  38 centaurs
  17 crocodiles
  2 big kobolds
  A human zombie (Vaults:4)
  16 bullfrogs
  2 human skeletons
  A glowing shapeshifter simulacrum (Depths:1)
  5 scorpions
  Dowan (D:6)
  An elf simulacrum (Vaults:4)
  5 killer bees (D:7)
  An elephant simulacrum (IceCv)
  A howler monkey (D:4)
  7 wights (D:12)
  4 electric eels
  A jelly (D:14)
  5 crimson imps
  4 draconian simulacra (IceCv)
  A quasit (D:10)
  A bullfrog zombie (D:13)
  19 orc priests
  10 hounds
  2 bullfrog skeletons
  5 centaur skeletons
  9 iguanas
  An iron imp (Depths:2)
  27 orc wizards
  Natasha (twice) (D:2)
  20 worker ants
  A polar bear simulacrum (IceCv)
  A statue (D:5)
  4 troll simulacra (IceCv)
  2 spriggan simulacra (IceCv)
  A wolf simulacrum (IceCv)
  5 centaur simulacra
  9 adders
  2 gnolls
  A howler monkey skeleton (D:5)
  4 naga simulacra (IceCv)
  2 ogre simulacra (IceCv)
  A river rat (D:7)
  4 shadow imps
  11 white imps (IceCv)
  2 adder zombies
  4 worms
  A dart slug (D:2)
  5 leopard geckos
  90 orcs
  10 giant cockroaches
  6 goblins
  8 hobgoblins
  22 jackals
  12 kobolds
  6 quokkas
  A ball python (D:4)
  2 bats
  23 frilled lizards
  2 jackal skeletons
  A quokka skeleton (D:7)
  A quokka zombie (D:3)
  2 rats (D:2)
  6 briar patches
  3 crawling corpses (Elf:3)
  7 fungi
  6 plants
1965 creatures vanquished.

Vanquished Creatures (collateral kills)
  A golden dragon (Depths:5)
  Arachne (Spider:4)
  Jorgrun (Depths:2)
  A deep elf master archer (Elf:3)
  2 titans
  A sphinx (Vaults:2)
  A thorn hunter (Swamp:3)
  5 tengu reavers
  2 storm dragons
  A fire giant (Depths:3)
  2 vault wardens
  A deep elf sorcerer (Elf:3)
  2 ironheart preservers
  2 very ugly things
  A stone giant (Depths:3)
  A deep elf demonologist (Vaults:5)
  An entropy weaver (Vaults:4)
  A spark wasp (Depths:2)
  A deep elf annihilator (Depths:5)
  An ettin (Depths:2)
  2 fire dragons
  3 deep elf death magi
  A deep elf high priest (Elf:3)
  3 vault guards
  2 great orbs of eyes (Depths:1)
  A yaktaur captain (Vaults:1)
  A rakshasa (Vaults:2)
  An ice dragon (Depths:5)
  A hydra (Lair:2)
  2 centaur warriors
  6 two-headed ogres
  A satyr (Spider:4)
  A tengu warrior (Depths:2)
  3 ogre magi
  A spriggan berserker (Depths:5)
  A hell knight (Depths:3)
  2 deep elf knights
  A skeletal warrior (D:14)
  A wizard (Depths:4)
  2 deep elf archers (Elf:1)
  An ironbrand convoker (Vaults:1)
  2 necromancers
  3 wolf spiders
  An orc knight (Vaults:1)
  3 orb spiders
  4 deep elf magi
  7 ugly things
  An elephant (Lair:6)
  A tengu skeleton (Vaults:3)
  3 vault sentinels
  A spiny frog (Lair:4)
  A yaktaur (Vaults:5)
  An eye of devastation (Lair:5)
  3 demonic crawlers
  2 jumping spiders (Spider:4)
  A hornet (Swamp:3)
  A hippogriff (Lair:5)
  4 slime creatures
  A deep troll skeleton (D:15)
  A spriggan (Swamp:3)
  A wyvern (Lair:6)
  8 redbacks
  2 tarantellas (Spider:4)
  4 yaks
  2 humans (D:14)
  A yak (shapeshifter) (Vaults:2)
  A vampire mosquito (Swamp:4)
  A hell hound (Depths:1)
  4 soldier ants (Spider:4)
  An orc warrior (D:10)
  A black bear (D:13)
  A slave (D:9)
  4 ogres
  A centaur (D:11)
  A crocodile (Lair:4)
  A wyvern skeleton (D:14)
  A killer bee (Swamp:1)
  A bullfrog zombie (D:13)
  Crazy Yiuf (D:2)
  An orc priest (D:3)
  A jelly (D:5)
  5 orc wizards
  Natasha (D:2)
  2 worker ants
  A worker ant zombie (D:6)
  2 gnolls (D:6)
  4 adders
  8 orcs
  A giant cockroach (D:4)
  3 jackals
  A ball python (D:7)
  A jackal skeleton (D:6)
  A kobold (D:7)
  A briar patch (Swamp:3)
177 creatures vanquished.

Vanquished Creatures (others)
  A caustic shrike (Depths:5)
  A fire giant (Depths:2)
  An ironheart preserver (Vaults:4)
  A yaktaur captain (Vaults:4)
  5 dancing weapons
  A deep elf knight (Elf:1)
  An ironbrand convoker (Vaults:3)
  A deep elf mage (Elf:1)
  An orb spider (Spider:1)
  4 yaktaurs
  An efreet (D:15)
  A hornet (Swamp:1)
  A spriggan (Swamp:1)
  A redback (Spider:3)
  2 tarantellas
  2 insubstantial wisps (Swamp:3)
  A swamp drake (Swamp:1)
  An ogre (Depths:1)
  6 centaurs
  An orc priest (Elf:3)
  An orc wizard (D:3)
  3 orcs
  6 briar patches (Swamp:2)
  7 fungi
  11 plants
  6 withered plants (D:15)
68 creatures vanquished.

Grand Total: 2210 creatures vanquished

Notes
Turn   | Place    | Note
-------+----------+-------------------------------------------
     0 | D:1      | grindst0ne the Demonspawn Chaos Knight began the quest for the Orb.
     0 | D:1      | Reached XP level 1. HP: 18/18 MP: 1/1
   228 | D:1      | Gained mutation: You are partially covered in thin metallic scales. (AC +2) [demonic ancestry]
   228 | D:1      | Reached XP level 2. HP: 19/24 MP: 2/2
   619 | D:2      | XOM: stealth player
   651 | D:2      | XOM: divination: magic mapping
   832 | D:2      | XOM: noise
   891 | D:2      | Reached XP level 3. HP: 30/30 MP: 3/3
   925 | D:2      | XOM: silly message
   937 | D:2      | Noticed Natasha
   946 | D:2      | XOM: enchant monster (good)
   950 | D:2      | Your ally died
   982 | D:2      | XOM: mild Conj miscast
  1106 | D:2      | XOM: harmless Air miscast
  1198 | D:2      | Noticed Sigmund
  1206 | D:2      | Reached XP level 4. HP: 38/38 MP: 4/4
  1208 | D:2      | XOM: harmless Necr miscast
  1369 | D:2      | XOM: confuse monster(s)
  1376 | D:2      | Killed Sigmund
  1376 | D:2      | Reached XP level 5. HP: 47/47 MP: 5/5
  1470 | D:2      | Noticed Natasha
  1480 | D:2      | Killed Natasha
  1480 | D:2      | Gained mutation: A weak demonic guardian rushes to your aid. [demonic ancestry]
  1480 | D:2      | Reached XP level 6. HP: 51/53 MP: 6/6
  1506 | D:2      | Found a runed door.
  1519 | D:2      | Noticed Natasha
  1524 | D:2      | Killed Natasha
  1540 | D:2      | Noticed Crazy Yiuf
  1546 | D:2      | Paralysed by Crazy Yiuf for 3 turns
  1548 | D:2      | XOM: noise
  1551 | D:2      | Killed Crazy Yiuf
  1902 | D:2      | XOM: god gift: ration
  2337 | D:3      | XOM: 8-stop teleportation journey
  2354 | D:3      | XOM: give mutations
  2354 | D:3      | Gained mutation: You can translocate small distances at will. [Xom's grace]
  2354 | D:3      | Gained mutation: You have an increased reservoir of magic. (+10% MP) [Xom's grace]
  2354 | D:3      | Gained mutation: Your mind is acute. (Int +2) [Xom's grace]
  2354 | D:3      | Gained mutation: You are agile. (Dex +2) [Xom's grace]
  2896 | D:3      | XOM: cloud trail
  2912 | D:3      | XOM: give mutations
  2912 | D:3      | Gained mutation: Your flesh is cold resistant. (rC+) [Xom's grace]
  2912 | D:3      | Gained mutation: Your mind is very acute. (Int +4) [Xom's grace]
  2912 | D:3      | Gained mutation: You passively map a small area around you. [Xom's grace]
  3065 | D:4      | XOM: scenery: create altars
  3067 | D:4      | Gained mutation: When hurt, damage is shared between your health and your magic reserves. [demonic ancestry]
  3067 | D:4      | Reached XP level 7. HP: 62/62 MP: 7/7
  3091 | D:4      | Noticed Brandom's ghost (amateur FoSu)
  3094 | D:4      | XOM: summons 6 friendly demons
  3110 | D:4      | Killed Brandom's ghost
  3139 | D:4      | Noticed a slime creature
  3219 | D:3      | XOM: silly message
  3287 | D:4      | Found a transporter.
  3345 | D:4      | Found a basalt altar of Yredelemnul.
  3370 | D:4      | XOM: polymorph hound -> howler monkey
  3490 | D:4      | Found a transporter.
  3507 | D:4      | XOM: polymorph hound -> iguana
  3620 | D:4      | XOM: 1-stop teleportation journey
  3652 | D:4      | XOM: polymorph ufetubus -> shadow imp
  3835 | D:5      | Entered Level 5 of the Dungeon
  3958 | D:5      | XOM: divination: detect creatures
  3989 | D:5      | XOM: divination: magic mapping
  4253 | D:5      | Reached XP level 8. HP: 29/72 MP: 4/8
  4522 | D:5      | XOM: scenery: create altars
  4523 | D:5      | XOM: harmless Pois miscast
  4533 | D:5      | Reached skill level 10 in Fighting
  4537 | D:5      | XOM: mild Chrm miscast
  4784 | D:5      | Found a burning altar of Makhleb.
  4958 | D:5      | Found an ancient bone altar of Kikubaaqudgha.
  4958 | D:5      | Found a sacrificial altar of Ru.
  4959 | D:5      | Found a hazy altar of Hepliaklqana.
  4986 | D:5      | Found a radiant altar of Vehumet.
  5063 | D:6      | XOM: confusion (+ monsters)
  5078 | D:5      | XOM: potion effect (agility)
  5080 | D:5      | XOM: confuse monster(s)
  5287 | D:6      | Noticed feelmyfire's ghost (novice DgTm)
  5645 | D:5      | XOM: harmless Summ miscast
  5912 | D:6      | XOM: divination: magic mapping
  6050 | D:5      | XOM: divination: detect creatures
  6305 | D:6      | XOM: potion effect (invisibility)
  6323 | D:6      | XOM: potion effect (curing)
  6335 | D:6      | Killed feelmyfire's ghost
  6458 | D:6      | Found a burning altar of Makhleb.
  6462 | D:6      | Noticed Dowan
  6467 | D:6      | Noticed Duvessa
  6469 | D:6      | XOM: potion effect (heal wounds)
  6480 | D:6      | Killed Dowan
  6482 | D:6      | XOM: potion effect (agility)
  6490 | D:6      | Killed Duvessa
  6490 | D:6      | Reached skill level 5 in Armour
  6490 | D:6      | Gained mutation: You have large cloven feet. [demonic ancestry]
  6490 | D:6      | Reached XP level 9. HP: 53/79 MP: 7/9
  6548 | D:6      | XOM: silly message
  6553 | D:6      | Found Kaurun's Weapon Emporium.
  6566 | D:6      | Found a shimmering altar of Xom.
  6601 | D:6      | Found Qatohel's Distillery.
  6617 | D:6      | Bought 2 potions of flight for 72 gold pieces
  6617 | D:6      | Bought a potion of brilliance for 48 gold pieces
  6636 | D:6      | Found Ivvul's Antique Weapon Shoppe.
  6678 | D:6      | Found Wueteaph's Magic Scroll Shoppe.
  6694 | D:6      | Bought a scroll of identify for 28 gold pieces
  6694 | D:6      | Bought a scroll of identify for 28 gold pieces
  6721 | D:6      | XOM: summons 4 friendly demons
  6731 | D:6      | XOM: god gift: twisted smoking staff {god gift}
  6734 | D:6      | XOM: polymorph white imp -> quasit
  6755 | D:6      | Found Zekioc's Weapon Emporium.
  7127 | D:7      | XOM: summons friendly crimson imp
  7219 | D:7      | XOM: mild Hex miscast
  7269 | D:7      | XOM: enchant monster (bad)
  7347 | D:7      | Found a staircase to the Ecumenical Temple.
  7352 | D:7      | XOM: polymorph killer bee -> river rat
  7356 | D:7      | XOM: noise
  7362 | D:7      | XOM: confuse monster(s)
  7378 | D:7      | Reached skill level 1 in Evocations
  7814 | D:7      | Found a bloodstained altar of Trog.
  7874 | D:7      | XOM: smoke on damage
  7899 | D:7      | Found a shadowy altar of Dithmenos.
  7899 | D:7      | XOM: 11-stop teleportation journey
  7919 | D:7      | XOM: noise
  8039 | D:7      | XOM: summons 1 hostile shadow creature
  8716 | D:8      | XOM: noise
  8744 | D:8      | Noticed Prince Ribbit
  8755 | D:8      | Killed Prince Ribbit
  8755 | D:8      | Reached skill level 1 in Shields
  8755 | D:8      | Reached XP level 10. HP: 71/87 MP: 9/13
  8756 | D:8      | XOM: smoke on damage
  8891 | D:7      | XOM: god gift: ration
  9187 | D:8      | Found Vonimp's Gadget Emporium.
  9220 | D:8      | XOM: medium Pois miscast
  9297 | D:8      | Noticed a two-headed ogre
  9305 | D:8      | Killed a two-headed ogre
  9305 | D:8      | Reached skill level 3 in Shields
  9461 | D:8      | XOM: harmless Pois miscast
  9643 | D:9      | Noticed Pikel
  9653 | D:9      | XOM: enchant monster (bad)
  9684 | D:9      | Noticed Pikel
  9684 | D:9      | Pikel changed into Pikel the golden eye
  9684 | D:9      | XOM: polymorph Pikel -> Pikel the golden eye
  9686 | D:9      | Killed Pikel the golden eye
  9686 | D:9      | Reached skill level 5 in Axes
  9738 | D:9      | XOM: severe Necr miscast
  9739 | D:9      | Noticed a soul eater
  9850 | D:8      | XOM: medium Erth miscast
 10725 | D:6      | Bought a +2 broad axe of flaming for 192 gold pieces
 10826 | D:10     | Entered Level 10 of the Dungeon
 10874 | D:10     | Reached skill level 4 in Shields
 11111 | D:10     | XOM is BORED!
 11164 | D:10     | Found a staircase to the Orcish Mines.
 11230 | D:10     | XOM: mild Conj miscast
 11249 | D:10     | Reached skill level 5 in Shields
 11285 | D:10     | Found a staircase to the Lair.
 11469 | Lair:1   | Entered Level 1 of the Lair of Beasts
 11471 | Lair:1   | XOM: enchant monster (bad)
 11677 | Lair:1   | Noticed a seven-headed hydra
 11679 | Lair:1   | XOM: scenery: create altars
 11685 | Lair:1   | Reached skill level 5 in Evocations
 11692 | Lair:1   | Killed a three-headed hydra
 11692 | Lair:1   | Reached skill level 6 in Shields
 11692 | Lair:1   | Gained mutation: You have hoof-like feet. [demonic ancestry]
 11692 | Lair:1   | Reached XP level 11. HP: 21/92 MP: 3/16
 11714 | Lair:1   | XOM: harmless Conj miscast
 11722 | Lair:1   | XOM: medium Conj miscast
 11723 | Lair:1   | HP: 4/92 [crocodile (2)]
 12122 | Lair:1   | XOM is BORED!
 12122 | Lair:1   | XOM: enchant monster (bad)
 12396 | Lair:1   | Got a jewelled chain mail
 12410 | Lair:1   | Identified the +6 chain mail of Greed {-Tele rPois Str+3} (You found it on level 1 of the Lair of Beasts)
 12797 | Lair:1   | XOM: polymorph quasit -> iron imp
 12821 | Lair:1   | XOM: swap monsters
 12929 | Lair:1   | XOM: harmless Pois miscast
 13304 | Lair:2   | Reached skill level 7 in Shields
 13348 | Lair:2   | XOM: blink monster(s)
 13411 | Lair:2   | XOM: medium Pois miscast
 13444 | Lair:2   | Noticed a six-headed hydra
 13451 | Lair:2   | XOM: summons 11 friendly demons
 13454 | Lair:2   | Killed a four-headed hydra
 13520 | Lair:2   | XOM: summons 2 hostile demons
 13668 | Lair:2   | Reached skill level 8 in Shields
 13863 | Lair:2   | XOM: summons 5 hostile demons
 13940 | Lair:2   | XOM: summons 4 hostile demons
 14068 | Lair:2   | Noticed an eight-headed hydra
 14075 | Lair:2   | Killed a four-headed hydra
 14439 | Lair:3   | XOM: give mutations
 14439 | Lair:3   | Lost mutation: You have an increased reservoir of magic. (+10% MP) [Xom's mischief]
 14439 | Lair:3   | Gained mutation: You are frail. (-10% HP) [Xom's mischief]
 14439 | Lair:3   | Lost mutation: You are agile. (Dex +2) [Xom's mischief]
 14574 | Lair:3   | Reached skill level 9 in Shields
 14689 | Lair:3   | Noticed a seven-headed hydra
 14698 | Lair:3   | Killed a two-headed hydra
 14841 | Lair:3   | XOM: severe Pois miscast
 14934 | Lair:3   | XOM: enchant monster (bad)
 14937 | Lair:3   | XOM: enchant monster (bad)
 14939 | Lair:3   | Gained mutation: You have hooves in place of feet. [demonic ancestry]
 14939 | Lair:3   | Reached XP level 12. HP: 46/89 MP: 8/16
 15266 | Lair:3   | Found a hole to the Spider Nest.
 15306 | Lair:3   | Noticed a seven-headed hydra
 15320 | Lair:3   | Killed a three-headed hydra
 15714 | Lair:4   | XOM: noise
 15733 | Lair:4   | XOM: enchant monster (bad)
 15742 | Lair:4   | Reached skill level 10 in Shields
 15873 | Lair:4   | XOM: mild Tloc miscast
 15876 | Lair:4   | XOM: swap monsters
 16116 | Lair:4   | Noticed a seven-headed hydra
 16123 | Lair:4   | Killed a seven-headed hydra
 16149 | Lair:4   | Noticed a four-headed hydra
 16152 | Lair:4   | XOM: mild Hex miscast
 16154 | Lair:4   | Killed a two-headed hydra
 16310 | Lair:4   | XOM is BORED!
 16310 | Lair:4   | XOM: noise
 16424 | Lair:4   | Found a staircase to the Swamp.
 16503 | Lair:4   | XOM: cloud trail
 16825 | Lair:4   | Noticed a six-headed hydra
 16851 | Lair:4   | Killed a two-headed hydra
 16856 | Lair:4   | Reached skill level 11 in Shields
 17060 | Lair:4   | XOM: severe Fire miscast
 17239 | Lair:5   | XOM: summons 8 friendly demons
 17344 | Lair:5   | XOM: fake destruction
 17344 | Lair:5   | XOM: smoke on damage
 17346 | Lair:5   | XOM: cast spell 'Summon Butterflies'
 17348 | Lair:5   | XOM: summons 1 hostile demon
 17356 | Lair:5   | XOM: mild Tloc miscast
 17365 | Lair:5   | XOM: silly message
 17370 | Lair:5   | XOM: enchant monster (good)
 17380 | Lair:5   | XOM: enchant monster (good)
 17680 | Lair:5   | Reached skill level 12 in Shields
 17680 | Lair:5   | Gained mutation: You are mostly covered in thin metallic scales. (AC +3) [demonic ancestry]
 17680 | Lair:5   | Reached XP level 13. HP: 86/95 MP: 14/17
 17867 | Lair:5   | Found a staircase to the Slime Pits.
 17887 | Lair:5   | XOM: mild Tmut miscast
 17987 | Lair:5   | XOM: noise
 18034 | Lair:5   | XOM: silly message
 18060 | Lair:5   | XOM: divination: detect creatures
 18262 | Lair:6   | Entered Level 6 of the Lair of Beasts
 18285 | Lair:6   | XOM: cast spell 'Cause Fear'
 18381 | Lair:6   | Found a dark tunnel.
 18394 | Volcano  | Entered a volcano
 18412 | Volcano  | XOM: enchant monster (good)
 18416 | Volcano  | Reached skill level 10 in Axes
 18416 | Volcano  | XOM: swap monsters
 18422 | Volcano  | Paralysed by an ogre mage for 4 turns
 18456 | Volcano  | XOM: swap monsters
 18487 | Volcano  | Got a pair of jewelled boots
 18595 | Volcano  | XOM: mild Tloc miscast
 18599 | Volcano  | XOM: cast spell 'Cause Fear'
 18751 | Lair:6   | XOM: medium Erth miscast
 18752 | Lair:6   | XOM: swap monsters
 18758 | Lair:6   | Reached skill level 13 in Shields
 18860 | Lair:6   | Got an encrusted chain mail
 18871 | Lair:6   | Identified the +7 chain mail of the World {rC- rN+ Str+4} (You found it on level 6 of the Lair of Beasts)
 18910 | Lair:6   | XOM: harmless Summ miscast
 18911 | Lair:6   | XOM: draining
 18917 | Lair:6   | XOM: 1-stop teleportation journey
 18920 | Lair:6   | XOM: enchant monster (bad)
 18931 | Lair:6   | XOM: mild Necr miscast
 18936 | Lair:6   | XOM: 2-stop teleportation journey
 18965 | Lair:6   | XOM: confusion
 18971 | Lair:6   | Noticed a dire elephant
 18974 | Lair:6   | XOM: harmless Erth miscast
 18977 | Lair:6   | XOM: polymorph crocodile -> rime drake
 18979 | Lair:6   | XOM: noise
 19027 | Lair:6   | XOM: swap monsters
 19062 | Lair:6   | XOM: noise
 19100 | Lair:6   | XOM: silly message
 19171 | Lair:6   | XOM: 10-stop teleportation journey
 19178 | Lair:6   | Killed a dire elephant
 19418 | Lair:6   | XOM: fake destruction
 19419 | Lair:6   | XOM: harmless Air miscast
 19421 | Lair:6   | XOM: silly message
 19430 | Lair:6   | HP: 3/94 [drowned by a drowned soul[a merfolk avatar] (11)]
 19828 | Lair:6   | XOM: summons 6 friendly demons
 19845 | Lair:6   | Identified the Reference Book on Dark Arts and Transmigration
 19893 | Lair:6   | XOM: swap monsters
 19946 | Lair:6   | XOM is BORED!
 19946 | Lair:6   | XOM: mild Pois miscast
 20071 | Lair:6   | XOM: scenery: 2 doors open
 20119 | Lair:4   | XOM: mild Necr miscast
 20295 | D:11     | Found a labyrinth entrance.
 20327 | Lab      | Entered a labyrinth
 20621 | Lab      | XOM: harmless Summ miscast
 20636 | Lab      | Noticed a minotaur
 20639 | Lab      | a minotaur changed into a tyrant leech
 20639 | Lab      | XOM: polymorph minotaur -> tyrant leech
 20681 | Lab      | Identified Asywki's Handbook of the Damaging Mountains
 20701 | Lab      | Learned a level 2 spell: Song of Slaying
 20705 | Lab      | Learned a level 3 spell: Regeneration
 20712 | Lab      | Learned a level 6 spell: Death Channel
 20750 | D:11     | XOM: god gift: dagger {god gift}
 20813 | D:11     | XOM: 3-stop teleportation journey
 20814 | D:11     | Noticed Harold
 20818 | D:11     | Killed Harold
 20869 | D:11     | XOM: scenery: 2 doors open
 20955 | D:11     | Reached skill level 14 in Shields
 21068 | D:11     | XOM: harmless Summ miscast
 21070 | D:11     | XOM: enchant monster (bad)
 21078 | D:11     | Reached skill level 1 in Charms
 21189 | D:11     | XOM: give mutations
 21189 | D:11     | Gained mutation: You occasionally shout uncontrollably at your foes. [Xom's mischief]
 21189 | D:11     | Gained mutation: Your magical capacity is low. (-10% MP) [Xom's mischief]
 21313 | D:12     | Reached XP level 14. HP: 85/99 MP: 14/16
 21432 | D:12     | XOM: 1-stop teleportation journey
 21525 | D:12     | XOM: harmless Pois miscast
 21749 | D:12     | XOM: 3-stop teleportation journey
 21751 | D:12     | XOM: blink monster(s)
 21752 | D:12     | XOM: blink monster(s)
 21769 | D:12     | HP: 4/101 [deep elf mage/bolt of lightning (27)]
 22049 | D:11     | XOM: give mutation
 22558 | D:12     | XOM: harmless Tloc miscast
 22693 | D:13     | XOM: confusion (+ monsters)
 22695 | D:13     | XOM: potion effect (magic)
 23261 | D:13     | XOM: silly message
 23447 | D:14     | XOM: harmless Summ miscast
 23477 | D:14     | XOM: divination: magic mapping
 23604 | D:14     | XOM: cast spell 'Leda's Liquefaction'
 23606 | D:14     | Found a frozen archway.
 23612 | D:14     | XOM: potion effect (heal wounds)
 23628 | D:14     | XOM: confuse monster(s)
 23630 | D:14     | XOM: potion effect (berserk rage)
 23636 | D:14     | XOM: smoke on damage
 23642 | D:14     | XOM: silly message
 23644 | D:14     | XOM: cast spell 'Summon Mana Viper'
 23658 | IceCv    | Entered an ice cave
 23665 | IceCv    | XOM: confuse monster(s)
 23675 | IceCv    | XOM: potion effect (experience)
 23675 | IceCv    | Reached skill level 15 in Shields
 23675 | IceCv    | Gained mutation: You regenerate magic rapidly. [demonic ancestry]
 23675 | IceCv    | Reached XP level 15. HP: 42/106 MP: 15/17
 24025 | IceCv    | XOM: god gift: fan of gales
 24056 | IceCv    | XOM: divine lightning
 24186 | IceCv    | Got a pair of faintly humming gloves
 24197 | IceCv    | Identified the +1 pair of gloves of Moxenael {*Drain rElec Dex+7 SInv} (You found it in an ice cave)
 24263 | IceCv    | XOM: smoke on damage
 24335 | IceCv    | XOM: cloud trail
 24527 | IceCv    | XOM: 3-stop teleportation journey
 24804 | IceCv    | XOM: fog
 24812 | IceCv    | XOM: smoke on damage
 25173 | IceCv    | Reached skill level 5 in Charms
 25585 | IceCv    | Found an ancient bone altar of Kikubaaqudgha.
 25762 | IceCv    | XOM: give mutation
 25762 | IceCv    | Lost mutation: You are frail. (-10% HP) [Xom's grace]
 25847 | IceCv    | XOM: scenery: create altars
 25948 | D:14     | XOM: cast spell 'Summon Horrible Things'
 26348 | D:14     | XOM: divination: magic mapping
 26513 | D:14     | XOM: summons 2 friendly demons
 26573 | D:14     | XOM: scenery: 2 fountains blood, 3 doors open, 3 doors close
 26573 | D:14     | Found a gate to the Vaults.
 26664 | D:14     | XOM: scenery: 1 fountains blood, 3 doors close
 26676 | D:14     | XOM: 2-stop teleportation journey
 26741 | D:14     | XOM: cast spell 'Necromutation'
 26746 | D:14     | XOM: fog
 26813 | D:14     | XOM: scenery: 1 doors open
 26989 | D:14     | XOM: cast spell 'Ring of Flames'
 27044 | D:14     | XOM: harmless Tmut miscast
 27059 | D:14     | XOM: harmless Ice miscast
 27088 | D:14     | XOM: harmless Fire miscast
 27156 | D:14     | XOM: harmless Air miscast
 27453 | D:15     | Entered Level 15 of the Dungeon
 27469 | D:15     | Identified a scroll of acquirement
 27574 | D:14     | XOM: fake destruction
 27631 | D:15     | Gained mutation: Your magical and physical power is slightly enhanced at high health. [demonic ancestry]
 27631 | D:15     | Reached XP level 16. HP: 104/125 MP: 16/18
 27852 | D:15     | XOM: confuse monster(s)
 27861 | D:15     | Found a staircase to the Depths.
 27889 | D:15     | XOM: enchant monster (good)
 27898 | D:15     | XOM: god gift: staff of energy {god gift}
 27918 | D:15     | Noticed Rupert
 27922 | D:15     | XOM: 3-stop teleportation journey
 27925 | D:15     | XOM: divine lightning
 27942 | D:15     | XOM: cast spell 'Chain of Chaos'
 27947 | D:15     | XOM: harmless Tloc miscast
 28017 | D:15     | XOM: mild Air miscast
 28168 | D:15     | XOM: harmless Erth miscast
 28259 | D:15     | XOM: 3-stop teleportation journey
 28263 | D:15     | XOM: confusion (+ monsters)
 28384 | D:15     | XOM: medium Necr miscast
 28447 | D:15     | Paralysed by Rupert for 5 turns
 28459 | D:15     | Killed Rupert
 28630 | Orc:1    | Entered Level 1 of the Orcish Mines
 28760 | Orc:2    | Entered Level 2 of the Orcish Mines
 28768 | Orc:2    | Found a flickering gateway to a bazaar.
 28826 | Bazaar   | Entered a bazaar
 28830 | Bazaar   | Found Refir's Antique Weapon Boutique.
 28848 | Bazaar   | Found Ipuziof's Book Emporium.
 28865 | Bazaar   | Found Xydgh's Book Boutique.
 28882 | Bazaar   | Found Lodeerim's Antique Weapon Shoppe.
 28948 | Bazaar   | Bought a book of the Warp for 1080 gold pieces
 29180 | Orc:1    | XOM: polymorph shadow imp -> iron imp
 29220 | Orc:1    | Found Laolam's Antique Armour Boutique.
 29330 | Orc:1    | Found a roughly hewn altar of Beogh.
 29535 | Orc:2    | Found a staircase to the Elven Halls.
 29748 | Orc:2    | XOM: cleaving
 29801 | Orc:2    | XOM: potion effect (might)
 29817 | Orc:2    | XOM: divination: magic mapping
 30159 | Orc:2    | Found Ceczisic's General Store.
 30159 | Orc:2    | Found Haschukkuk's Distillery.
 30160 | Orc:2    | Found Axitziaf's Book Shop.
 30160 | Orc:2    | Found Hagre's Jewellery Emporium.
 30217 | Orc:2    | Bought a scroll of torment for 82 gold pieces
 30221 | Orc:2    | Bought a potion of heal wounds for 65 gold pieces
 30221 | Orc:2    | Bought a potion of haste for 130 gold pieces
 30221 | Orc:2    | Bought a potion of curing for 39 gold pieces
 30221 | Orc:2    | Bought a potion of heal wounds for 65 gold pieces
 30221 | Orc:2    | Bought a potion of heal wounds for 65 gold pieces
 30221 | Orc:2    | Bought a potion of mutation for 104 gold pieces
 30221 | Orc:2    | Bought a potion of curing for 39 gold pieces
 30221 | Orc:2    | Bought a potion of might for 52 gold pieces
 30221 | Orc:2    | Bought a potion of might for 52 gold pieces
 30221 | Orc:2    | Bought a potion of brilliance for 52 gold pieces
 30221 | Orc:2    | Bought a potion of might for 52 gold pieces
 30221 | Orc:2    | Bought a potion of curing for 39 gold pieces
 30278 | Orc:2    | XOM: god gift: wand of acid (8)
 30625 | D:11     | XOM is BORED!
 30625 | D:11     | XOM: medium Conj miscast
 30790 | Swamp:1  | Entered Level 1 of the Swamp
 30793 | Swamp:1  | XOM: enchant monster (good)
 30797 | Swamp:1  | XOM: god gift: wand of scattershot (6)
 30804 | Swamp:1  | XOM: scenery: create altars
 30822 | Swamp:1  | XOM: god gift: quarterstaff {god gift}
 30906 | Swamp:1  | XOM: cloud trail
 30981 | Swamp:1  | XOM: polymorph titanic slime creature -> wind drake
 31162 | Swamp:1  | XOM: polymorph swamp drake -> killer bee
 31179 | Swamp:1  | XOM: summons 11 friendly demons
 31366 | Swamp:1  | XOM: give mutations
 31366 | Swamp:1  | Gained mutation: You are robust. (+10% HP) [Xom's grace]
 31366 | Swamp:1  | Gained mutation: You are very robust. (+20% HP) [Xom's grace]
 31366 | Swamp:1  | Gained mutation: Your spells are a little harder to cast, but a little more powerful. [Xom's grace]
 31366 | Swamp:1  | Gained mutation: You possess an exceptional clarity of mind. [Xom's grace]
 31372 | Swamp:1  | Reached skill level 16 in Shields
 31625 | Swamp:1  | Reached skill level 10 in Charms
 31824 | Swamp:2  | Noticed Aizul
 31844 | Swamp:2  | Killed Aizul
 31931 | Swamp:2  | Reached skill level 1 in Spellcasting
 32107 | Swamp:2  | Noticed a thorn hunter
 32109 | Swamp:2  | Reached skill level 1 in Dodging
 32112 | Swamp:2  | XOM: divine lightning
 32126 | Swamp:2  | Killed a thorn hunter
 32197 | Swamp:2  | XOM: harmless Conj miscast
 32403 | Swamp:2  | Gained mutation: A demonic guardian rushes to your aid. [demonic ancestry]
 32403 | Swamp:2  | Reached XP level 17. HP: 119/157 MP: 16/19
 32430 | Swamp:2  | XOM: god gift: 61 gold pieces
 32482 | Swamp:2  | Noticed a tentacled monstrosity
 32485 | Swamp:2  | XOM: harmless Chrm miscast
 32490 | Swamp:2  | XOM: enchant monster (bad)
 32492 | Swamp:2  | Killed a tentacled monstrosity
 32995 | Swamp:3  | Noticed Louise
 33028 | Swamp:3  | Killed Louise
 33047 | Swamp:3  | XOM: swap monsters
 33269 | Swamp:2  | XOM: god gift: great mace {god gift}
 33283 | Swamp:3  | XOM: confuse monster(s)
 33593 | Swamp:3  | Learned a level 2 spell: Blink
 33734 | Swamp:3  | XOM: mild Tmut miscast
 33903 | Swamp:3  | Reached skill level 1 in Translocations
 34001 | Swamp:3  | XOM: noise
 34127 | Swamp:4  | Entered Level 4 of the Swamp
 34152 | Swamp:4  | XOM: polymorph tyrant leech -> fire dragon
 34156 | Swamp:4  | XOM: polymorph fire dragon -> tyrant leech
 34169 | Swamp:4  | XOM: summons friendly crimson imp
 34655 | Swamp:3  | XOM: noise
 34913 | Swamp:4  | XOM: summons 2 hostile shadow creatures
 35218 | Swamp:4  | XOM: confuse monster(s)
 35234 | Swamp:4  | XOM: confuse monster(s)
 35285 | Swamp:4  | XOM: cast spell 'Dispersal'
 35482 | Swamp:4  | Got a decaying rune of Zot
 35582 | Swamp:4  | XOM: harmless Summ miscast
 36126 | Lair:1   | XOM: god gift: 510 gold pieces
 36405 | Spider:1 | Entered Level 1 of the Spider Nest
 36430 | Spider:1 | XOM: divine lightning
 36593 | Lair:3   | XOM: scenery: create altars
 36603 | Lair:3   | Learned a level 8 spell: Controlled Blink
 36642 | Spider:1 | XOM: summons 2 friendly demons
 36651 | Spider:1 | XOM: divine lightning
 37020 | Spider:1 | Reached skill level 15 in Axes
 37094 | Spider:1 | Reached skill level 5 in Spellcasting
 37149 | Spider:1 | XOM: give mutations
 37149 | Spider:1 | Gained mutation: Your spells are harder to cast, but more powerful. [Xom's grace]
 37149 | Spider:1 | Gained mutation: Your system is resistant to poisons. (rPois) [Xom's grace]
 37182 | Spider:1 | XOM: cloud trail
 37296 | Spider:1 | XOM: divination: detect creatures
 37415 | Spider:2 | XOM: divination: detect creatures
 37428 | Spider:2 | XOM: potion effect (agility)
 37448 | Spider:2 | You fall through a shaft!
 37452 | Spider:3 | XOM: divine lightning
 37497 | Spider:2 | Gained mutation: You are completely covered in thin metallic scales. (AC +4, rElec) [demonic ancestry]
 37497 | Spider:2 | Reached XP level 18. HP: 108/165 MP: 21/23
 37509 | Spider:2 | XOM: cleaving
 37668 | Spider:3 | XOM: give mutations
 37668 | Spider:3 | Gained mutation: You evolve. [Xom's grace]
 37668 | Spider:3 | Gained mutation: Your flesh is very cold resistant. (rC++) [Xom's grace]
 37668 | Spider:3 | Gained mutation: You have a pair of small horns on your head. [Xom's grace]
 37668 | Spider:3 | Gained mutation: Your flesh is heat resistant. (rF+) [Xom's grace]
 37708 | Spider:3 | XOM: give mutations
 37708 | Spider:3 | Gained mutation: Your spells are much harder to cast, but much more powerful. [Xom's grace]
 37708 | Spider:3 | Lost mutation: You evolve. [Xom's grace]
 37708 | Spider:3 | Gained mutation: You are somewhat resistant to further mutation. [Xom's grace]
 37917 | Spider:2 | Noticed Nikola
 37934 | Spider:2 | Killed Nikola
 37942 | Spider:2 | XOM: divination: magic mapping
 38068 | Spider:2 | XOM: god gift: 480 gold pieces
 38940 | Spider:3 | XOM: harmless Erth miscast
 39099 | Spider:3 | XOM: harmless Hex miscast
 39139 | Spider:3 | XOM: smoke on damage
 39403 | Spider:3 | XOM: mild Erth miscast
 39625 | Spider:3 | Reached skill level 5 in Translocations
 39916 | Spider:4 | Entered Level 4 of the Spider Nest
 39944 | Spider:4 | XOM: polymorph wolf spider -> satyr
 39952 | Spider:4 | Noticed Arachne
 39960 | Spider:4 | XOM: swap monsters
 39965 | Spider:4 | XOM: cast spell 'Summon Small Mammal'
 39975 | Spider:4 | Killed Arachne
 40125 | Spider:3 | XOM: divination: magic mapping
 40406 | Spider:4 | XOM: confuse monster(s)
 40407 | Spider:4 | XOM: summons friendly iron imp
 40410 | Spider:4 | XOM: harmless Ice miscast
 40414 | Spider:4 | Reached skill level 17 in Shields
 40447 | Spider:4 | Noticed Agnes
 40449 | Spider:4 | XOM: cast spell 'Statue Form'
 40452 | Spider:4 | XOM: cast spell 'Leda's Liquefaction'
 40453 | Spider:4 | XOM: blink monster(s)
 40467 | Spider:4 | Killed Agnes
 40614 | Spider:4 | XOM: severe Conj miscast
 40908 | Spider:4 | XOM: mild Conj miscast
 41085 | Spider:4 | XOM: summons 3 hostile shadow creatures
 41315 | Spider:4 | XOM: cast spell 'Alistair's Intoxication'
 41332 | Spider:4 | XOM: harmless Erth miscast
 41354 | Spider:4 | XOM: divination: magic mapping
 41422 | Spider:4 | Identified the +4 chain mail of Idealism {rPois rF+ MR- Str+2} (You found it on level 4 of the Spider Nest)
 41540 | Spider:4 | XOM: mild Fire miscast
 41543 | Spider:4 | XOM: smoke on damage
 41743 | Spider:4 | XOM: cast spell 'Summon Small Mammal'
 41875 | Spider:4 | XOM: noise
 41986 | Spider:4 | XOM is BORED!
 41986 | Spider:4 | XOM: mild Summ miscast
 42033 | Spider:4 | XOM: harmless Tloc miscast
 42050 | Spider:4 | Got a gossamer rune of Zot
 42287 | D:10     | XOM: silly message
 42342 | D:13     | Identified the +1 chain mail "Rexan" {MR+ Str-3 Slay+2 Stlth+} (You took it off an orc on level 13 of the Dungeon)
 42428 | Vaults:1 | XOM: noise
 42428 | Vaults:1 | Entered Level 1 of the Vaults
 42467 | Vaults:1 | Paralysed by a hornet for 2 turns
 42691 | Vaults:1 | XOM: summons friendly quasit
 42792 | Vaults:1 | XOM: mild Ice miscast
 42798 | Vaults:1 | Reached skill level 10 in Armour
 42799 | Vaults:1 | Gained mutation: Your magical and physical power is enhanced at high health. [demonic ancestry]
 42799 | Vaults:1 | Reached XP level 19. HP: 89/171 MP: 18/26
 43056 | Vaults:1 | XOM: divination: magic mapping
 43376 | Vaults:1 | XOM: polymorph sixfirhy -> sun demon
 43736 | Vaults:2 | XOM: destruction
 43841 | Vaults:2 | Got a dazzling chain mail
 43852 | Vaults:2 | Identified the +4 chain mail of the Desolation of Salt {rElec rC+ Str-4} (You found it on level 2 of the Vaults)
 43939 | Vaults:2 | Noticed Frederick
 43944 | Vaults:2 | Killed Frederick
 43950 | Vaults:2 | Killed the ghostly Frederick
 43985 | Vaults:2 | XOM: summons 8 friendly demons
 44125 | Vaults:2 | XOM: give mutations
 44125 | Vaults:2 | Gained mutation: Your muscles are strong. (Str +2) [Xom's grace]
 44125 | Vaults:2 | Gained mutation: Your flesh is very heat resistant. (rF++) [Xom's grace]
 44125 | Vaults:2 | Gained mutation: You passively map the area around you. [Xom's grace]
 44212 | Vaults:2 | XOM: scenery: 2 doors close
 44217 | Vaults:2 | XOM: 2-stop teleportation journey
 44408 | Vaults:2 | Found a staircase to the Crypt.
 44913 | Vaults:2 | XOM: give mutations
 44913 | Vaults:2 | Gained mutation: Your flesh is almost immune to the effects of heat. (rF+++) [Xom's grace]
 44913 | Vaults:2 | Gained mutation: You have a pair of horns on your head. [Xom's grace]
 45178 | Vaults:3 | Reached skill level 18 in Shields
 45184 | Vaults:3 | XOM: polymorph soul eater -> soul eater
 45327 | Vaults:3 | Reached XP level 20. HP: 180/180 MP: 27/27
 45337 | Vaults:3 | XOM: summons 10 hostile demons
 45360 | Vaults:3 | XOM: scenery: 1 doors close
 45458 | Vaults:3 | XOM: mild Chrm miscast
 45659 | Vaults:3 | XOM: noise
 45849 | Vaults:3 | XOM: harmless Pois miscast
 45862 | Vaults:3 | Identified the +4 shield "Salof" {rC+ Int+5 Dex-5} (You acquired it on level 3 of the Vaults)
 46216 | Vaults:3 | XOM: mild Chrm miscast
 46376 | Vaults:4 | Reached skill level 10 in Translocations
 46413 | Vaults:4 | XOM: harmless Summ miscast
 46444 | Vaults:4 | XOM: enchant monster (good)
 46459 | Vaults:4 | XOM: confuse monster(s)
 46471 | Vaults:4 | XOM: enchant monster (good)
 46479 | Vaults:4 | XOM: scenery: 1 doors open
 46515 | Vaults:4 | XOM: summons friendly shadow imp
 46665 | Vaults:4 | XOM: 2-stop teleportation journey
 46882 | Vaults:4 | XOM: noise
 47060 | Vaults:4 | XOM: confuse monster(s)
 47407 | Vaults:4 | XOM: divination: detect items
 47420 | Vaults:4 | XOM: divination: detect creatures
 47421 | Vaults:4 | XOM: cast spell 'Summon Small Mammal'
 47423 | Vaults:4 | XOM: noise
 47430 | Vaults:4 | XOM: silly message
 47592 | Vaults:4 | Noticed a caustic shrike
 47594 | Vaults:4 | a caustic shrike changed into an iron dragon
 47681 | Vaults:4 | XOM: stat loss: -1 Int (17/18)
 47872 | D:15     | XOM: give mutation
 47872 | D:15     | Lost mutation: You can translocate small distances at will. [Xom's mischief]
 47892 | Depths:1 | Entered Level 1 of the Depths
 47905 | Depths:1 | XOM: repel stairs
 47953 | Depths:1 | Gained mutation: When low on magic, you restore magic in place of health. [demonic ancestry]
 47953 | Depths:1 | Reached XP level 21. HP: 181/187 MP: 28/28
 48504 | Depths:1 | XOM: blink monster(s)
 48520 | Depths:1 | XOM: summons friendly quasit
 48620 | Depths:1 | XOM: divination: detect items
 48760 | Depths:1 | Found a shattered altar of Ashenzari.
 49004 | Depths:1 | XOM: silly message
 49204 | Depths:1 | Found a gateway to Hell.
 49287 | Depths:2 | XOM: potion effect (magic)
 49292 | Depths:2 | XOM: cast spell 'Leda's Liquefaction'
 49331 | Depths:2 | Found a magical portal.
 49340 | WizLab   | Entered Wucad Mu's Monastery
 49397 | WizLab   | XOM: enchant monster (bad)
 49424 | WizLab   | XOM: medium Ice miscast
 49440 | WizLab   | XOM: enchant monster (good)
 49451 | WizLab   | XOM: give mutation
 49451 | WizLab   | Lost mutation: You occasionally shout uncontrollably at your foes. [Xom's mischief]
 49514 | WizLab   | XOM: summons 4 hostile shadow creatures
 49519 | WizLab   | XOM: blink monster(s)
 49520 | WizLab   | XOM: confuse monster(s)
 49521 | WizLab   | XOM: polymorph monstrous demonspawn -> rakshasa
 49597 | WizLab   | XOM: cast spell 'Monstrous Menagerie'
 49666 | WizLab   | Found the +9 staff of Wucad Mu {channel}
 49667 | WizLab   | XOM: noise
 49713 | WizLab   | Reached XP level 22. HP: 99/195 MP: 24/29
 50053 | Depths:2 | XOM: summons 2 friendly demons
 50060 | Depths:2 | Noticed Jorgrun
 50061 | Depths:2 | XOM: cast spell 'Summon Hydra'
 50069 | Depths:2 | Killed Jorgrun
 50191 | Depths:2 | Reached skill level 5 in Dodging
 50481 | Depths:2 | XOM: polymorph hog -> soldier ant
 50488 | Depths:2 | XOM: divination: detect creatures
 50529 | Depths:2 | XOM: divination: detect items
 50592 | Depths:2 | XOM: god gift: ration
 50719 | Depths:2 | XOM: scenery: create altars
 50922 | Depths:2 | Reached skill level 19 in Shields
 50982 | Depths:2 | Paralysed by a floating eye for 4 turns
 50987 | Depths:2 | Noticed Sojobo
 50988 | Depths:2 | XOM: scenery: create altars
 50990 | Depths:2 | XOM: swap monsters
 50998 | Depths:2 | XOM: fake destruction
 51000 | Depths:2 | XOM: summons 4 hostile demons
 51017 | Depths:2 | Killed Sojobo
 51026 | Depths:2 | Got a crude wooden ring
 51191 | Depths:2 | XOM: cast spell 'Summon Hydra'
 51197 | Depths:2 | XOM: harmless Tmut miscast
 51244 | Depths:2 | XOM: harmless Air miscast
 51267 | Depths:2 | XOM: divination: detect creatures
 51478 | Depths:2 | Identified the Collected Works on Evil and Changing
 51483 | Depths:2 | Identified the ring "Usojasty" {rF+ rC+ rN++} (You took it off a centaur warrior on level 2 of the Depths)
 51719 | Depths:3 | XOM: stealth player
 51797 | Depths:3 | XOM: swap monsters
 51798 | Depths:3 | Noticed Margery
 51813 | Depths:3 | XOM: noise
 51859 | Depths:2 | XOM: give mutations
 51859 | Depths:2 | Lost mutation: Your magical capacity is low. (-10% MP) [Xom's mischief]
 51859 | Depths:2 | Lost mutation: You are very robust. (+20% HP) [Xom's mischief]
 51859 | Depths:2 | Lost mutation: You possess an exceptional clarity of mind. [Xom's mischief]
 51859 | Depths:2 | Lost mutation: You have a pair of horns on your head. [Xom's mischief]
 51879 | Depths:2 | Killed Margery
 52019 | Depths:3 | XOM: summons 2 friendly demons
 52030 | Depths:3 | XOM: cleaving
 52082 | Depths:3 | Reached skill level 10 in Dodging
 52095 | Depths:3 | XOM: summons friendly ufetubus
 52112 | Depths:3 | Paralysed by a floating eye for 3 turns
 52209 | Depths:3 | Found a one-way gate leading to the halls of Pandemonium.
 52232 | Depths:3 | XOM: give mutations
 52232 | Depths:3 | Gained mutation: You have a pair of horns on your head. [Xom's grace]
 52232 | Depths:3 | Gained mutation: You have sharp fingernails. [Xom's grace]
 52232 | Depths:3 | Gained mutation: Your muscles are very strong. (Str +4) [Xom's grace]
 52232 | Depths:3 | Gained mutation: You are somewhat resistant to both further mutation and mutation removal. [Xom's grace]
 52364 | Depths:3 | Reached XP level 23. HP: 181/185 MP: 33/33
 52381 | Depths:3 | XOM: divination: magic mapping
 52408 | Depths:3 | Found a runed gate.
 52408 | Depths:3 | Found a runed gate.
 52408 | Depths:3 | Found a runed gate.
 52474 | Depths:3 | XOM: destruction
 52476 | Depths:3 | Noticed a caustic shrike
 52482 | Depths:3 | XOM: summons 11 friendly demons
 52483 | Depths:3 | Killed a caustic shrike
 52488 | Depths:3 | XOM: confuse monster(s)
 52500 | Depths:3 | XOM: give mutations
 52500 | Depths:3 | Gained mutation: You have supernaturally acute eyesight. (SInv) [Xom's grace]
 52500 | Depths:3 | Gained mutation: You have very sharp fingernails. [Xom's grace]
 52500 | Depths:3 | Gained mutation: You have an increased reservoir of magic. (+10% MP) [Xom's grace]
 52500 | Depths:3 | Gained mutation: You have a pair of large horns on your head. [Xom's grace]
 52515 | Depths:3 | Found a runed gate.
 52515 | Depths:3 | Found a runed gate.
 52515 | Depths:3 | Found a runed gate.
 52570 | Depths:3 | XOM: divination: detect items
 52663 | Depths:3 | Paralysed by a great orb of eyes for 4 turns
 52691 | Depths:3 | Got a brightly glowing bone amulet
 52694 | Depths:3 | Identified the amulet "Biclipes" {rF++ rC+ MR++ Regen+ Dex-5} (You acquired it on level 3 of the Depths)
 52700 | Depths:3 | Got a coiled garnet amulet
 52702 | Depths:3 | Identified the amulet of Mekyizit {+Rage rC- Str+5 Dex+4} (You acquired it on level 3 of the Depths)
 52908 | Depths:3 | Found Afaewnat's Jewellery Boutique.
 52908 | Depths:3 | Found Healaur's Gadget Shoppe.
 52909 | Depths:3 | Found Xul Ciup's Jewellery Boutique.
 52918 | Depths:3 | Bought the ring of Phasing {EV+8} for 2432 gold pieces
 52918 | Depths:3 | Found the ring of Phasing {EV+8}
 53167 | Depths:4 | XOM: scenery: 1 doors close
 53198 | Depths:4 | Noticed Mara
 53203 | Depths:4 | Noticed grindst0ne's illusion
 53219 | Depths:4 | XOM: summons friendly shadow imp
 53221 | Depths:4 | Killed Mara
 53242 | Depths:4 | XOM: give mutations
 53242 | Depths:4 | Lost mutation: You have very sharp fingernails. [Xom's mischief]
 53242 | Depths:4 | Lost mutation: Your muscles are very strong. (Str +4) [Xom's mischief]
 53242 | Depths:4 | Lost mutation: Your spells are much harder to cast, but much more powerful. [Xom's mischief]
 53471 | Depths:4 | XOM: scenery: 1 doors open, 1 doors close
 53501 | Depths:4 | XOM: scenery: 1 doors close
 53531 | Depths:4 | Found a one-way gate to the infinite horrors of the Abyss.
 53551 | Depths:4 | XOM: enchant monster (good)
 53793 | Depths:4 | Found a transporter.
 53798 | Depths:4 | Found a radiant altar of Vehumet.
 53811 | Depths:4 | Noticed an ancient lich
 53818 | Depths:4 | XOM: cleaving
 53831 | Depths:4 | Killed an ancient lich
 53841 | Depths:4 | Found a transporter.
 53932 | Depths:4 | XOM: polymorph deep troll earth mage -> fire dragon
 53951 | Depths:4 | Got a slimy lead amulet
 53965 | Depths:4 | Identified the amulet "Wejoll" {Harm *Drain rPois rN+ Dex+2} (You found it on level 4 of the Depths)
 54047 | Depths:3 | XOM is BORED!
 54061 | Depths:5 | Entered Level 5 of the Depths
 54105 | Depths:5 | XOM: scenery: create altars
 54246 | Depths:5 | Found a glowing golden altar of the Shining One.
 54248 | Depths:5 | Found a gateway to a ziggurat.
 54248 | Depths:5 | Found a sacrificial altar of Ru.
 54266 | Depths:5 | Found a white marble altar of Elyvilon.
 54315 | Depths:5 | Noticed a juggernaut
 54326 | Depths:5 | Killed a juggernaut
 54356 | Depths:5 | Noticed an ancient lich
 54356 | Depths:5 | XOM: divination: magic mapping
 54359 | Depths:5 | XOM: cast spell 'Summon Butterflies'
 54362 | Depths:5 | Killed an ancient lich
 54374 | Depths:5 | Reached skill level 20 in Shields
 54413 | Depths:5 | XOM: potion effect (brilliance)
 54414 | Depths:5 | XOM: summons friendly crimson imp
 54423 | Depths:5 | XOM: harmless Summ miscast
 54444 | Depths:5 | Reached XP level 24. HP: 189/189 MP: 37/37
 54503 | Depths:5 | Noticed a juggernaut
 54523 | Depths:5 | XOM: scenery: 1 doors open, 3 doors close
 54600 | Depths:5 | XOM: mild Tloc miscast
 54614 | Depths:5 | XOM: confuse monster(s)
 54630 | Depths:5 | Killed a juggernaut
 54639 | Depths:5 | XOM: summons 7 hostile demons
 54646 | Depths:5 | Reached skill level 15 in Dodging
 54669 | Depths:5 | Noticed Xtahua
 54679 | Depths:5 | XOM: give mutation
 54679 | Depths:5 | Lost mutation: You are robust. (+10% HP) [Xom's mischief]
 54680 | Depths:5 | XOM: swap monsters
 54682 | Depths:5 | XOM: severe Tloc miscast
 54710 | Depths:5 | Killed Xtahua
 54728 | Depths:5 | XOM: harmless Erth miscast
 54773 | Depths:5 | XOM: potion effect (invisibility)
 54785 | Depths:5 | XOM: confuse monster(s)
 54790 | Depths:5 | XOM: enchant monster (bad)
 54793 | Depths:5 | XOM: enchant monster (bad)
 54915 | Depths:5 | XOM: mild Chrm miscast
 54919 | Depths:5 | XOM: cast spell 'Summon Horrible Things'
 54920 | Depths:5 | Noticed a juggernaut
 54934 | Depths:5 | Killed a juggernaut
 55202 | Depths:5 | Found a gate to the Realm of Zot.
 55351 | Depths:5 | XOM: enchant monster (bad)
 55845 | Elf:1    | Entered Level 1 of the Elven Halls
 55883 | Elf:1    | XOM: stat loss: -1 Str (21/22)
 56065 | Elf:1    | XOM: mild Fire miscast
 56066 | Elf:1    | XOM: divination: detect items
 56146 | Elf:1    | XOM: summons friendly iron imp
 56150 | Elf:1    | XOM: cast spell 'Olgreb's Toxic Radiance'
 56248 | Elf:1    | XOM: divination: magic mapping
 56397 | Elf:1    | XOM: mild Ice miscast
 56470 | Elf:1    | Found Reummir's Distillery.
 56486 | Elf:1    | Bought a potion of mutation for 144 gold pieces
 56486 | Elf:1    | Bought a potion of mutation for 144 gold pieces
 56486 | Elf:1    | Bought a potion of heal wounds for 90 gold pieces
 56486 | Elf:1    | Bought a potion of heal wounds for 90 gold pieces
 56486 | Elf:1    | Bought 2 potions of curing for 108 gold pieces
 56486 | Elf:1    | Bought a potion of curing for 54 gold pieces
 56486 | Elf:1    | Bought a potion of curing for 54 gold pieces
 56791 | Elf:2    | Reached skill level 15 in Translocations
 56888 | Elf:2    | Noticed Roxanne
 56906 | Elf:2    | Killed Roxanne
 56907 | Elf:2    | Identified Roxanne's Incunabulum of Transformation (You took it off Roxanne on level 2 of the Elven Halls)
 56939 | Elf:2    | Found a runed gate.
 56939 | Elf:2    | Found a runed gate.
 56939 | Elf:2    | Found a runed gate.
 57000 | Elf:2    | Found Lixaisak's Distillery.
 57031 | Elf:2    | Bought a potion of might for 56 gold pieces
 57031 | Elf:2    | Bought a potion of mutation for 112 gold pieces
 57031 | Elf:2    | Bought a potion of might for 56 gold pieces
 57031 | Elf:2    | Bought a potion of mutation for 112 gold pieces
 57031 | Elf:2    | Bought a potion of might for 56 gold pieces
 57031 | Elf:2    | Bought a potion of brilliance for 56 gold pieces
 57031 | Elf:2    | Bought a potion of haste for 140 gold pieces
 57031 | Elf:2    | Bought a potion of heal wounds for 70 gold pieces
 57170 | Elf:2    | XOM: cast spell 'Statue Form'
 57269 | Elf:2    | XOM: mild Hex miscast
 57517 | Elf:3    | Entered Level 3 of the Elven Halls
 57519 | Elf:3    | XOM: confuse monster(s)
 57823 | Elf:3    | Found Sishrob's Magic Scroll Shop.
 57832 | Elf:3    | Bought a scroll of blinking for 105 gold pieces
 57904 | Elf:3    | XOM: divination: detect items
 57905 | Elf:3    | XOM: summons 6 friendly demons
 57921 | Elf:3    | Reached skill level 21 in Shields
 58138 | Elf:3    | XOM: god gift: 3160 gold pieces
 58154 | Elf:3    | XOM: cast spell 'Summon Butterflies'
 58157 | Elf:3    | Gained mutation: A powerful demonic guardian rushes to your aid. [demonic ancestry]
 58157 | Elf:3    | Reached XP level 25. HP: 178/178 MP: 37/37
 58199 | Elf:3    | XOM: cast spell 'Summon Hydra'
 58206 | Elf:3    | XOM: confuse monster(s)
 58211 | Elf:3    | XOM: 4-stop teleportation journey
 58460 | Elf:3    | Got a transparent tin amulet
 58470 | Elf:3    | Identified the amulet "Neutiw" {+Rage +Inv} (You took it off a deep elf master archer on level 3 of the Elven Halls)
 58473 | Elf:3    | Identified the cursed +0 plate armour of Apathy {rElec Int+4} (You took it off a deep elf master archer on level 3 of the Elven Halls)
 58495 | Elf:3    | XOM: polymorph deep elf death mage -> storm dragon
 58606 | Elf:3    | XOM: cloud trail
 58638 | Elf:3    | Identified Sif Muna's Grimoire of Weightlessness
 58728 | Elf:3    | XOM: cloud trail
 59635 | Vaults:5 | Entered Level 5 of the Vaults
 59641 | Vaults:5 | XOM: 6-stop teleportation journey
 59652 | Vaults:5 | Reached skill level 1 in Necromancy
 59658 | Vaults:5 | XOM: confuse monster(s)
 59666 | Vaults:5 | XOM: polymorph shadow dragon -> fire giant
 59753 | Vaults:5 | XOM: divination: magic mapping
 59831 | Vaults:5 | XOM: summons 3 hostile shadow creatures
 59852 | Vaults:5 | Noticed an ancient lich
 59853 | Vaults:5 | XOM: scenery: create altars
 59870 | Vaults:5 | XOM: cleaving
 59871 | Vaults:5 | XOM: smoke on damage
 59874 | Vaults:5 | Killed an ancient lich
 59946 | Vaults:5 | XOM: scenery: create altars
 60032 | Vaults:5 | Reached skill level 5 in Necromancy
 60107 | Vaults:5 | XOM: confuse monster(s)
 60167 | Vaults:5 | Identified the ring of Mistrust {rElec rF+ rN+ Dex+3} (You took it off a vault guard on level 5 of the Vaults)
 60196 | Vaults:5 | XOM: divination: detect creatures
 60389 | Vaults:5 | XOM: scenery: create altars
 60402 | Vaults:5 | XOM: fake destruction
 60406 | Vaults:5 | Reached skill level 22 in Shields
 60414 | Vaults:5 | XOM: confusion
 60442 | Vaults:5 | HP: 3/181 [tentacled monstrosity (7)]
 60443 | Vaults:5 | Mangled by a shadow dragon

Skill      XL: |  1  2  3  4  5  6  7  8  9 10 11 12 13 14 15 16 17 18 19 20 21 22 23 24 25 |
---------------+----------------------------------------------------------------------------+-----
Fighting       | 4 6 8 9 10 11 | 11.0
Armour         | 5 7 8 10 11 12 13 | 13.0
Axes           | 4 6 7 9 11 13 14 15 16 17 18 | 18.0
Evocations     | 2 5 6 |  6.0
Shields        | 1 6 9 12 14 15 16 17 18 19 20 21 22 | 22.0
Charms         | 1 4 7 10 11 | 11.0
Spellcasting   | 1 5 7 |  7.2
Dodging        | 1 4 10 14 16 | 16.0
Translocations | 4 6 9 10 11 12 14 15 16 | 16.1
Necromancy     | 8 |  8.7

Action                   |  1- 3 |  4- 6 |  7- 9 | 10-12 | 13-15 | 16-18 | 19-21 | 22-24 | 25-27 || total
-------------------------+-------+-------+-------+-------+-------+-------+-------+-------+-------++-------
Melee: Hand axe          |   103 |   176 |   140 |       |       |       |       |       |       ||   419
       Scythe            |       |    12 |       |       |       |       |       |       |       ||    12
       Dagger            |       |       |   395 |   172 |       |       |       |       |       ||   567
       Kick              |       |       |    90 |   203 |   280 |   668 |   511 |   510 |   151 ||  2413
       Broad axe         |       |       |       |   393 |   772 |  1466 |   963 |  1183 |   390 ||  5167
       Headbutt          |       |       |       |       |       |   143 |   293 |   353 |   106 ||   895
 Cast: Song of Slaying   |       |       |       |       |     1 |       |       |       |       ||     1
       Blink             |       |       |       |       |       |       |       |     1 |       ||     1
Evoke: Wand              |       |       |     1 |    32 |    50 |    17 |     7 |     8 |       ||   115
       Lightning rod     |       |       |       |       |     7 |       |       |     1 |       ||     8
       Phial of floods   |       |       |       |       |       |       |       |     1 |       ||     1
  Use: Potion            |       |     4 |     8 |     3 |     6 |     3 |    14 |     2 |     6 ||    46
       Scroll            |       |     3 |    10 |    10 |    20 |     7 |     7 |    13 |     7 ||    77
 Stab: Confused          |     2 |       |     2 |       |     6 |     6 |     5 |    11 |     8 ||    40
       Distracted        |       |       |     5 |     7 |     7 |    11 |    11 |    15 |     3 ||    59
       Invisible         |       |       |     7 |       |       |       |       |     4 |       ||    11
       Betrayed ally     |       |       |       |     1 |       |       |       |       |       ||     1
       Paralysed         |       |       |       |       |     3 |       |       |       |       ||     3
       Petrifying        |       |       |       |       |     1 |       |       |       |       ||     1
       Held in net/web   |       |       |       |       |       |     1 |       |       |       ||     1
       Petrified         |       |       |       |       |       |       |     6 |       |       ||     6
  Eat: Chunk             |     1 |     6 |    15 |    45 |    32 |    32 |    22 |    22 |     4 ||   179
       Ration            |       |       |     1 |     2 |     1 |     3 |       |     2 |     1 ||    10
Armor: Leather armour    |    32 |    75 |       |       |       |       |       |       |       ||   107
       Chain mail        |       |       |   461 |   362 |   387 |   701 |    94 |       |       ||  2005
       Skin              |       |       |       |       |    27 |    32 |       |     2 |       ||    61
       Plate armour      |       |       |       |       |       |       |   238 |   165 |       ||   403
       Gold dragon scale |       |       |       |       |       |       |       |   271 |   104 ||   375
Dodge: Dodged            |    50 |    80 |   191 |   147 |   226 |   354 |   142 |   366 |   115 ||  1671
Block: Shield            |       |       |    11 |   356 |   561 |       |       |       |       ||   928
       Large shield      |       |       |       |       |    17 |  1699 |  1128 |  1140 |   291 ||  4275
       Reflection        |       |       |       |       |       |       |    97 |    14 |       ||   111
